 Dungeon Crawl Stone Soup version 0.29-a0-362-g5854e031c7 (webtiles) character file.

Game seed: 14797103484645512769

144 bastard the Vexing (level 5, 0/24 HPs)
             Began as a Spriggan Enchanter on Apr 29, 2022.
             Killed by nerve-wracking pain
             ... invoked by Grinder
              (11 damage)
             ... on level 3 of the Dungeon.
             The game lasted 00:02:30 (2757 turns).

bastard the Vexing (Spriggan Enchanter)             Turns: 2757, Time: 00:02:31

Health: 0/24       AC:  2    Str:  4    XL:     5   Next: 5%
Magic:  7/10       EV: 17    Int: 18    God:
Gold:   109        SH:  0    Dex: 16    Spells: 1/9 levels left

rFire   . . .      SeeInvis +   a - +1 dagger
rCold   . . .      Faith    .   (no shield)
rNeg    . . .      Spirit   .   b - +0 robe
rPois   .          Reflect  .   (helmet restricted)
rElec   .          Harm     .   (no cloak)
rCorr   .          Rampage  .   (gloves unavailable)
Will    .....                   (boots unavailable)
Stlth   +++.......              (no amulet)
HPRegen 0.08/turn               (no ring)
MPRegen 0.12/turn               (no ring)

@: confusing by touch, very quick
A: very small, no large weapons, unfitting armour, see invisible, speed 3
a: no special abilities


You were on level 3 of the Dungeon.
You visited 1 branch of the dungeon, and saw 3 of its levels.

You collected 109 gold pieces.

Inventory:

Hand Weapons
 a - a +1 dagger (weapon)
Armour
 b - a +0 robe (worn)
Potions
 c - 2 potions of invisibility
 d - a potion of might
 e - a potion of brilliance {unknown}
 f - a potion of cancellation {unknown}
 g - a potion of degeneration {unknown}
 h - a potion of curing {unknown}
 i - a potion of flight {unknown}


   Skills:
 - Level 1.1 Short Blades
 - Level 2.6 Dodging
 + Level 4.4 Stealth
 - Level 2.6 Spellcasting
 - Level 7.0 Hexes


You had one spell level left.
You knew the following spells:

 Your Spells              Type           Power      Damage    Failure   Level
a - Ensorcelled Hibernat  Hex/Ice        30%        N/A       6%          2
b - Confusing Touch       Hex            27%        N/A       2%          3
c - Tukima's Dance        Hex            27%        N/A       2%          3

Your spell library contained the following spells:

 Spells                   Type           Power      Damage    Failure   Level
 Magic Dart               Conj           8%         1d3       17%         1
 Dazzling Flash           Conj/Hex       30%        N/A       12%         3
 Call Imp                 Summ           2%         N/A       26%         2
 Mephitic Cloud           Conj/Pois/Air  2%         N/A       45%         3


Dungeon Overview and Level Annotations

Branches:
Dungeon (3/15)

Altars:

Annotations:
D:3 Grinder


Innate Abilities, Weirdness & Mutations

You are very small and have problems with some larger weapons.
You are too small for most types of armour.
You have supernaturally acute eyesight. (SInv)
You cover ground extremely quickly. (Speed+++)


Message History

You feel agile.
i - a yellow potion
Things that are here:
a +0 club; a +0 robe This spell is dangerous to cast!
Memorise Confusing Touch, consuming 3 spell levels and leaving 4?
You start memorising the spell.
You continue memorising. x3
You finish memorising.
Spell assigned to 'b'.
This spell is dangerous to cast!
Memorise Tukima's Dance, consuming 3 spell levels and leaving 1?
You start memorising the spell.
You continue memorising. x3
You finish memorising.
Spell assigned to 'c'.
A hobgoblin comes into view.
A hobgoblin is nearby!
A hobgoblin is nearby!
Grinder comes into view.
The helpless hobgoblin fails to defend itself.
You puncture the hobgoblin!
You kill the hobgoblin!
The helpless Grinder fails to defend herself.
You puncture Grinder!
Grinder is moderately wounded.
Grinder blinks!
An endoplasm comes into view.
Grinder blinks!
You hit Grinder but do no damage.
Grinder is moderately wounded.
Grinder gestures at you.
You suddenly lose the ability to move!
Grinder barely misses you. x2
Grinder hits you!
The endoplasm quivers.
Grinder hits you.
You writhe in agony.
You can move again.
Casting: Ensorcelled Hibernation (safe; 6% risk of failure)
Confirm with . or Enter, or press ? or * to list all spells.
Your hands begin to glow red.
Grinder gestures at you. Pain shoots through your body!
You die...

# .#.## . ..... .###.#.#
......### #........
#.....# #####..5..###.
#.....@.......
########.################
.........##.............#
#######..##.###########.#
#..##.# #.# ######..##)#
#.### ...........# #..<#
....######## ##### ...


You could see Grinder.

Vanquished Creatures
  An orc priest (D:2)
  Jessica (D:3)
  An orc wizard (D:2)
  2 adders (D:2)
  A dart slug (D:2)
  An orc (D:2)
  2 bats (D:2)
  2 endoplasms (D:2)
  3 giant cockroaches (D:2)
  8 goblins
  4 hobgoblins
  5 jackals (D:1)
  2 kobolds (D:1)
  2 quokkas
  A ball python (D:2)
  2 frilled lizards
  2 rats
40 creatures vanquished.

Notes
Turn   | Place    | Note
-------+----------+-------------------------------------------
     0 | D:1      | bastard the Spriggan Enchanter began the quest for the Orb.
     0 | D:1      | Reached XP level 1. HP: 9/9 MP: 5/5
    68 | D:1      | Reached skill level 4 in Hexes
   158 | D:1      | Reached XP level 2. HP: 13/13 MP: 6/6
   161 | D:1      | Learned a level 2 spell: Ensorcelled Hibernation
   244 | D:1      | Found a faded altar of an unknown god.
  1042 | D:2      | Reached skill level 5 in Hexes
  1097 | D:2      | Reached XP level 3. HP: 4/16 MP: 0/8
  1828 | D:2      | Reached XP level 4. HP: 21/21 MP: 9/9
  1950 | D:2      | Reached skill level 6 in Hexes
  2722 | D:3      | Noticed Jessica
  2725 | D:3      | Killed Jessica
  2726 | D:3      | Reached skill level 7 in Hexes
  2726 | D:3      | Reached XP level 5. HP: 24/24 MP: 10/10
  2732 | D:3      | Learned a level 3 spell: Confusing Touch
  2736 | D:3      | Learned a level 3 spell: Tukima's Dance
  2744 | D:3      | Noticed Grinder
  2752 | D:3      | Paralysed by Grinder for 5 turns
  2757 | D:3      | Killed from afar by Grinder

Illustrated notes

Levels and vault maps discovered:
D:1:      doesnt_arrival_eight_statues, layout_loops_ring,
          ebering_ecumenical_altar_box
D:2:      layout_basic, chequers_avenue
D:3:      layout_basic, minmay_surrounded, uniq_jessica, uniq_grinder

Skill      XL: |  1  2  3  4 |
---------------+-------------+-----
Hexes          | 4 5 7 |  7.0
Short Blades   | |  1.1
Dodging        | |  2.6
Stealth        | |  4.4
Spellcasting   | |  2.6

Action                   |  1- 3 |  4- 6 || total
-------------------------+-------+-------++-------
Melee: Dagger            |    79 |    37 ||   116
 Cast: Ensorcelled Hiber |    13 |     1 ||    14
       Confusing Touch   |       |     1 ||     1
  Use: Scroll            |     3 |       ||     3
 Stab: Sleeping          |    13 |     7 ||    20
Armor: Robe              |     7 |     1 ||     8
Dodge: Dodged            |    53 |    18 ||    71

Table legend: (Time is in decaauts)
 A = Elapsed time spent in this place.
 B = Non-inter-level travel time spent in this place.
 C = Inter-level travel time spent in this place.
 D = Time resting spent in this place.
 E = Time spent auto-exploring this place.
 F = Levels seen in this place.
 G = Mean time per level.
                   A        B        C        D        E       F      G
               +--------+--------+--------+--------+--------+-----+--------+
         Total |   2175 |   2142 |     33 |      0 |   1853 |   3 |  725.0 |
       Dungeon |   2175 |   2142 |     33 |      0 |   1853 |   3 |  725.0 |
               +--------+--------+--------+--------+--------+-----+--------+

Top non-repeatable levels by time:
     D:2: 1593 daAuts
     D:1: 543 daAuts
     D:3: 38 daAuts
